 Dungeon Crawl Stone Soup version 0.29.0-3-gbb0933ed62 (webtiles) character file.

Game seed: 771211392237633714

33 voltaire321 the Stinger (level 3, 0/26 HPs)
             Began as a Demonspawn Venom Mage on Aug 25, 2022.
             Slain by an adder (2 damage)
             ... on level 2 of the Dungeon.
             The game lasted 00:03:42 (1266 turns).

voltaire321 the Stinger (Demonspawn Venom Mage)     Turns: 1266, Time: 00:03:43

Health: 0/26       AC:  2    Str: 10    XL:     3   Next: 12%
Magic:  1/6        EV: 12    Int: 16    God:
Gold:   20         SH:  0    Dex: 13    Spells: 5/6 levels left

rFire   . . .      SeeInvis .   i - +3 hand axe (vamp)
rCold   . . .      Faith    .   (no shield)
rNeg    . . .      Spirit   .   a - +0 robe
rPois   .          Reflect  .   (no helmet)
rElec   .          Harm     .   (no cloak)
rCorr   .          Rampage  .   (no gloves)
Will    .....                   (no boots)
Stlth   ++........              (no amulet)
HPRegen 0.08/turn               (no ring)
MPRegen 0.10/turn               (no ring)

@: lethally poisoned (0 -> -3)
A: powered by pain 1
a: no special abilities


You were on level 2 of the Dungeon.
You visited 1 branch of the dungeon, and saw 2 of its levels.

You collected 20 gold pieces.

Inventory:

Hand Weapons
 f - a +1 dagger of draining
 i - a +3 vampiric hand axe (weapon)
Armour
 a - a +0 robe (worn)
Jewellery
 j - a ring of resist corrosion
Scrolls
 c - a scroll of enchant armour {unknown}
 g - a scroll of magic mapping {unknown}
Potions
 b - a potion of magic
 d - a potion of curing {unknown}
 e - 2 potions of heal wounds {unknown}
 h - a potion of cancellation {unknown}
 k - a potion of attraction {unknown}


   Skills:
 + Level 1.1 Fighting
 + Level 0.0 Armour
 + Level 2.2 Dodging
 - Level 1.7 Stealth
 + Level 2.3 Spellcasting
 - Level 1.0 Transmutations
 + Level 3.3 Poison Magic


You had 5 spell levels left.
You knew the following spells:

 Your Spells              Type           Power      Damage    Failure   Level
a - Sting                 Tmut/Pois      32%        1d4       9%          1

Your spell library contained the following spells:

 Spells                   Type           Power      Damage    Failure   Level
 Poisonous Vapours        Pois/Air       14%        N/A       16%         2
 Passwall                 Tmut/Erth      2%         N/A       24%         2
 Ensorcelled Hibernation  Hex/Ice        2%         N/A       30%         2
 Mephitic Cloud           Conj/Pois/Air  5%         N/A       36%         3
 Olgreb's Toxic Radiance  Pois           12%        N/A       45%         4
 Swiftness                Air            1%         N/A       52%         3


Dungeon Overview and Level Annotations

Branches:
Dungeon (2/15)

Altars:


Innate Abilities, Weirdness & Mutations

You sometimes gain a little power by taking damage.


Message History

You are frozen.
The adder barely misses you.
Casting: Sting (safe; 9% risk of failure)
Confirm with . or Enter, or press ? or * to list all spells.
Aiming: Sting (safe; 9% risk of failure)
Press: ? - help, Shift-Dir - straight line, f/p - adder
Aim: an adder (48% to hit)
The sting misses the adder.
You feel sick. The adder bites you but does no damage.
The endoplasm barely misses you. The adder bites you.
Casting: Sting (safe; 9% risk of failure)
Confirm with . or Enter, or press ? or * to list all spells.
Aiming: Sting (safe; 9% risk of failure)
Press: ? - help, Shift-Dir - straight line, f/p - adder
Aim: an adder (48% to hit)
The sting misses the adder.
You feel sick. The endoplasm barely misses you. The adder bites you.
The adder attacks as you move away! The adder bites you.
* * * LOW HITPOINT WARNING * * *
You are lethally poisoned!
The adder poisons you! The endoplasm attacks as you move away!
The endoplasm closely misses you.
* * * LOW HITPOINT WARNING * * *
You feel sick.
* * * LOW HITPOINT WARNING * * *
You feel sick.
Casting: Sting (safe; 9% risk of failure)
Confirm with . or Enter, or press ? or * to list all spells.
Aiming: Sting (safe; 9% risk of failure)
Press: ? - help, Shift-Dir - straight line, f/p - adder
Aim: an adder (48% to hit)
The sting hits the endoplasm.
The endoplasm partially resists.
The endoplasm is poisoned.
The endoplasm is heavily wounded.
* * * LOW HITPOINT WARNING * * *
You feel sick. The endoplasm closely misses you.
You hit the endoplasm.
You feel better.
You kill the endoplasm!
* * * LOW HITPOINT WARNING * * *
You feel sick. The adder bites you.
You die...

..# .# #.# .## #.# #### #
..# #.# #.. ####.# #.#
#.# ..##.# #.# #@# #
#..#.###.# ####S##.####.
.......#.####....?.......
..##....†................
..##......#.<...........#
.....#..#.###............
........†.###.......(....
.....##.................#
###.......(........##...#


You could see an adder.

Vanquished Creatures
  An adder (D:2)
  2 endoplasms (D:2)
  3 giant cockroaches
  5 goblins (D:1)
  4 hobgoblins
  2 quokkas
  A ball python (D:1)
  4 frilled lizards
  A rat (D:1)
23 creatures vanquished.

Notes
Turn   | Place    | Note
-------+----------+-------------------------------------------
     0 | D:1      | voltaire321 the Demonspawn Venom Mage began the quest for
                  | the Orb.
     0 | D:1      | Reached XP level 1. HP: 13/13 MP: 3/3
   150 | D:1      | Reached skill level 1 in Transmutations
   299 | D:1      | Gained mutation: You sometimes gain a little power by
                  | taking damage. [demonic ancestry]
   299 | D:1      | Reached XP level 2. HP: 14/20 MP: 0/5
  1097 | D:2      | Reached skill level 1 in Fighting
  1169 | D:2      | Reached XP level 3. HP: 23/26 MP: 3/6
  1266 | D:2      | Slain by an adder

Illustrated notes

Levels and vault maps discovered:
D:1:      ncdulo_smallfort, layout_basic
D:2:      layout_rooms, basic_altar, ebering_ecumenical_altar_abandoned

Skill      XL: |  1  2 |
---------------+-------+-----
Transmutations | 1 |  1.0
Dodging        | 2 |  2.2
Fighting       | 1 |  1.1
Stealth        | |  1.7
Spellcasting   | |  2.3
Poison Magic   | |  3.3

Action                   || total
-------------------------++-------
Melee: Dagger            ||    21
       Unarmed           ||     1
       Punch             ||     1
       Hand axe          ||    17
 Cast: Sting             ||    33
 Stab: Sleeping          ||     1
Armor: Robe              ||    10
Dodge: Dodged            ||    31
